 Dungeon Crawl Stone Soup version 0.19.0-2-gae57169 (webtiles) character file.

179 Juniper the Slasher (level 5, 0/42 HPs)
             Began as a Centaur Gladiator on Nov 6, 2016.
             Slain by a gnoll (6 damage)
             ... on level 4 of the Dungeon.
             The game lasted 00:09:20 (2205 turns).

Juniper the Slasher (Centaur Gladiator)             Turns: 2205, Time: 00:09:21

Health: 0/42       AC:  8    Str: 18    XL:     5   Next: 33%
Magic:  5/5        EV:  6    Int:  7    God:
Gold:   87         SH:  0    Dex: 10    Spells: 0 memorised, 4 levels left

rFire  . . .     SeeInvis .     a - +0 long sword
rCold  . . .     Gourm    .     u - +0 chain mail
rNeg   . . .     Faith    .     (no shield)
rPois  .         Spirit   .     c - +0 helmet
rElec  .         Reflect  .     (no cloak)
rCorr  .         Harm     .     (no gloves)
MR     .....                    (no barding)
Stlth  ..........               (no amulet)
                                (no ring)
                                (no ring)

@: very quick
A: hooves 3, deformed body, speed 2, tough skin 3
a: no special abilities


You were on level 4 of the Dungeon.
You were not hungry.

You visited 1 branch of the dungeon, and saw 4 of its levels.

You collected 87 gold pieces.

Inventory:

Hand Weapons
 a - a +0 long sword (weapon)
Missiles
 d - 3 throwing nets (quivered)
Armour
 c - a +0 helmet (worn)
 u - a +0 chain mail (worn)
Scrolls
 e - a scroll of fog {unknown}
 h - 3 scrolls of recharging
 i - a scroll of enchant weapon {unknown}
 j - a scroll of immolation {unknown}
 k - a scroll of teleportation
 p - a scroll of amnesia {unknown}
 s - 2 scrolls of fear
 t - a scroll of blinking {unknown}
 v - a scroll of remove curse
Potions
 b - a potion of mutation {unknown}
 g - a potion of flight {unknown}
 m - a potion of lignification {unknown}
 n - a potion of heal wounds {unknown}
 o - a potion of degeneration {unknown}
 r - a potion of magic {unknown}
Comestibles
 f - a bread ration
 q - 5 chunks of flesh
 w - a slice of pizza


   Skills:
 + Level 2.4 Fighting
 + Level 3.9 Long Blades
 + Level 2.4 Throwing
 + Level 1.6 Armour
 + Level 2.9 Dodging
 + Level 0.2 Stealth


You had 4 spell levels left.
You didn't know any spells.

Dungeon Overview and Level Annotations

Branches:
Dungeon (4/15)
 Temple: D:4-7

Altars:
Dithmenos
Elyvilon
Kikubaaqudgha
Nemelex Xobeh
Qazlal
Uskayaw
The Shining One


Innate Abilities, Weirdness & Mutations

You have hooves in place of feet.
Armour fits poorly on your strangely shaped body.
You cover ground very quickly.
You have extremely tough skin. (AC +3)


Message History

The gnoll completely misses you.
You riposte.
You slash the gnoll!
You kill the gnoll!
You hit the gnoll.
The gnoll is lightly wounded.
The gnoll barely misses you.
You riposte.
You hit the gnoll.
The gnoll is moderately wounded.
You closely miss the gnoll. Your kick misses the gnoll.
The gnoll is moderately wounded.
The gnoll hits you.
The gnoll hits you from afar with a halberd!
You slash the gnoll! You kick the gnoll.
The gnoll is almost dead.
The gnoll hits you.
The gnoll hits you from afar with a halberd!
* * * LOW HITPOINT WARNING * * *
Some of the chunks of flesh in your inventory have rotted away.
You barely miss the gnoll. You kick the gnoll.
The gnoll is almost dead.
The gnoll hits you.
You die...

########. #........
#########.#######
#.####................
........รท..###.#######
######.###.# #.### #>#
#.# #...# #.# #.# ###@#
#<# #.# #g# ######.#
#.# #g# .......# #.#
#g# ######## #.# #.#
#.# ... ### ### ....


You could see 3 gnolls.

Vanquished Creatures
  A centaur skeleton (D:4)
  Ijyb (D:3)
  A gnoll (D:4)
  5 adders
  An ooze (D:1)
  A worm (D:3)
  3 dart slugs
  2 leopard geckos
  An orc (D:3)
  A ball python (D:4)
  4 giant cockroaches
  4 goblins
  8 hobgoblins
  2 jackals (D:2)
  9 kobolds
  5 bats
  4 frilled lizards
  5 rats
  A bush (D:2)
59 creatures vanquished.

Notes
Turn   | Place    | Note
-------+----------+-------------------------------------------
     0 | D:1      | Juniper the Centaur Gladiator began the quest for the Orb.
     0 | D:1      | Reached XP level 1. HP: 17/17 MP: 1/1
   141 | D:1      | You fall through a shaft!
   218 | D:2      | Reached XP level 2. HP: 22/24 MP: 2/2
   628 | D:2      | Found a sparkling altar of Nemelex Xobeh.
   690 | D:2      | Reached skill level 3 in Long Blades
   690 | D:2      | Reached XP level 3. HP: 27/29 MP: 3/3
   753 | D:2      | Found a glowing golden altar of the Shining One.
   771 | D:2      | Found a white marble altar of Elyvilon.
   771 | D:2      | Found a hide-covered altar of Uskayaw.
  1667 | D:3      | Reached XP level 4. HP: 32/37 MP: 4/4
  1747 | D:3      | Noticed Ijyb
  1764 | D:3      | Killed Ijyb
  1764 | D:3      | Reached skill level 1 in Armour
  2059 | D:3      | Found an ancient bone altar of Kikubaaqudgha.
  2059 | D:3      | Found a shadowy altar of Dithmenos.
  2084 | D:4      | Found a stormy altar of Qazlal.
  2142 | D:4      | Reached XP level 5. HP: 41/42 MP: 5/5
  2205 | D:4      | Slain by a gnoll

Skill      XL: |  1  2  3  4 |
---------------+-------------+-----
Long Blades    | 3 |  3.9
Armour         | 1 |  1.6
Fighting       | |  2.4
Throwing       | |  2.4
Dodging        | |  2.9
Stealth        | |  0.2

Action                   |  1- 3 |  4- 6 || total
-------------------------+-------+-------++-------
Melee: Long sword        |   172 |    81 ||   253
       Kick              |    55 |    25 ||    80
  Use: Scroll            |       |     5 ||     5
  Eat: Chunk             |     2 |     1 ||     3
Armor: Leather armour    |     6 |       ||     6
       Ring mail         |    62 |     5 ||    67
       Chain mail        |       |    57 ||    57
Dodge: Dodged            |    60 |    33 ||    93
       Rpst.: Long sword |    24 |     7 ||    31
